 Dungeon Crawl Stone Soup version 0.17-a0-2055-gb4e23be (webtiles) character file.

14687 vatarom the Protected (level 11, -6/82 HPs)
             Began as a Demonspawn Gladiator on Oct 11, 2015.
             Was an Elder of Ru.
             Mangled by a very large slime creature (35 damage)
             ... on level 12 of the Dungeon.
             The game lasted 00:28:50 (10105 turns).

vatarom the Protected (Demonspawn Gladiator)       Turns: 10105, Time: 00:28:50

Health: -6/82      AC: 27    Str: 19    XL:     11   Next: 92%
Magic:  18/18      EV:  6    Int: 11    God:    Ru [****..]
Gold:   355        SH:  0    Dex: 14    Spells: 0 memorised, 10 levels left

rFire  + . .     SeeInvis .     K - +2 dire flail (crush)
rCold  . . .     Clarity  .     v - +3 plate armour
rNeg   . . .     SustAt   +     (no shield)
rPois  +         Gourm    .     (helmet restricted)
rElec  .         Spirit   .     m - +0 cloak {rPois}
rCorr  .         Warding  .     r - +0 pair of gloves
rMut   .         Stasis   .     (boots unavailable)
MR     .....                    b - amulet of rage
Stlth  ..........               s - ring of sustain attributes
                                f - +4 ring of protection

@: no scrolls, not resistant to hostile enchantments, extremely unstealthy
A: antennae 1, talons 3, slimy green scales 1, breathe flames 1, demonic
guardian 1, fire resistance 1, sense surroundings 1, powered by death 1, strong
1, inability to read while threatened, no stealth, inability to train dodging,
magic vulnerability 1
a: Draw Out Power, Power Leap, Renounce Religion, Breathe Fire, Evoke Berserk
Rage


You were on level 12 of the Dungeon.
You worshipped Ru.
Ru was greatly pleased with you.
You were full.

You visited 2 branches of the dungeon, and saw 13 of its levels.

You collected 545 gold pieces.
You spent 190 gold pieces at shops.

Inventory:

Hand Weapons
 a - a +1 flail
 D - the +4 mace "Giant's Peril" {elec, MR+}
   (You found it on level 9 of the Dungeon)

   Occasionally, upon striking a foe, it will discharge some electrical energy
   and cause terrible harm.
   It affects your resistance to hostile enchantments.
 K - a +2 dire flail of crushing (weapon)
Missiles
 H - 6 poisoned javelins (quivered)
Armour
 m - a +0 cloak of poison resistance (worn)
 r - a +0 pair of gloves (worn)
 v - a +3 plate armour (worn)
 F - a +0 robe
Jewellery
 b - an amulet of rage (around neck)
 f - a +4 ring of protection (left hand)
 j - a +2 ring of intelligence
 l - an uncursed ring of see invisible
 s - a ring of sustain attributes (right hand)
Wands
 u - a wand of polymorph (12)
 w - a wand of draining (4)
 C - a wand of digging (18)
 I - a wand of heal wounds (2)
 J - a wand of lightning (7)
Scrolls
 h - 8 scrolls of remove curse
 n - 2 scrolls of recharging
 p - 6 scrolls of identify
 q - a scroll of enchant armour
 t - 6 scrolls of teleportation
 z - 3 scrolls of amnesia
Potions
 e - a potion of berserk rage {unknown}
 g - 8 potions of curing
 i - 4 potions of agility
 A - a potion of invisibility
 E - a potion of might
Books
 c - a book of Unlife

   Spells                             Type                      Level
   a - Recall                         Summoning/Translocation      3
   b - Animate Dead                   Necromancy                   4
   c - Control Undead                 Necromancy                   4
   d - Cigotuvi's Embrace             Necromancy                   5
   e - Death Channel                  Necromancy                   6
   f - Simulacrum                     Ice/Necromancy               6
 x - a book of Callings

   Spells                             Type                      Level
   a - Summon Small Mammal            Summoning                    1
   b - Call Imp                       Summoning                    2
   c - Call Canine Familiar           Summoning                    3
   d - Summon Guardian Golem          Hexes/Summoning              3
   e - Summon Lightning Spire         Summoning/Air                4
   f - Summon Ice Beast               Ice/Summoning                4
Comestibles
 d - a bread ration
 k - 7 meat rations
 o - 5 fruits
 B - 2 slices of pizza
 G - a beef jerky


   Skills:
 + Level 6.3 Fighting
 - Level 7.0 Maces & Flails
 - Level 1.7 Throwing
 * Level 11.0 Armour
   Level 6.1 Shields
 - Level 10.0 Evocations


You had 10 spell levels left.
You didn't know any spells.

Dungeon Overview and Level Annotations

Branches:
Dungeon (12/15)            Temple (1/1) D:5            Lair (0/8) D:8
    Orc (0/4) D:11

Altars:
Ashenzari
Cheibriados
Dithmenos
Elyvilon
Fedhas
Gozag
Kikubaaqudgha
Makhleb
Nemelex Xobeh
Okawaru
Qazlal
Ru
Sif Muna
Trog
Vehumet
Xom
Yredelemnul
Zin
The Shining One

Shops:
D:7 *   D:9 !


Innate Abilities, Weirdness & Mutations

You have claws for feet.
You are partially covered in slimy green scales (AC +2).
A weak demonic guardian rushes to your aid.
Your flesh is heat resistant.
You regenerate a little health from kills.
You cannot read scrolls while threatened.
You cannot be stealthy.
You cannot train Dodging skill.
You are slightly vulnerable to magic.
You have a pair of small antennae on your head.
You can breathe flames.
You passively map a small area around you.
Your muscles are strong. (Str +2)


Message History

You feel threatened and lose the ability to read scrolls!
Ouch! That really hurt!
* * * LOW HITPOINT WARNING * * *
Your iron imp hits the very large slime creature!
Your quasit bites the very large slime creature but does no damage.
Your quasit barely misses the very large slime creature. x2
Unknown command.
Your quasit bites the very large slime creature.
Your quasit claws the very large slime creature but does no damage.
Your quasit claws the very large slime creature.
Your iron imp disappears in a puff of smoke!
Your quasit bites the very large slime creature.
Your quasit claws the very large slime creature but does no damage.
Your quasit claws the very large slime creature.
Drink which item? (? for menu, Esc to quit)
You feel better.
Your quasit bites the very large slime creature.
Your quasit claws the very large slime creature but does no damage. x2
The very large slime creature hits you!!
You die...

## * ..... .## .....,*
########## ..# ......
#.......## ..## #.....*
#.......#. ...## *....#
#.....)).# ....# , #.§##
####.(.†## #...## * #5.#
###(## ##...# ##J## ##.##
###..## #.@## ##.## ..##..#
##..# ##.## #(...######
#..#######.##
####......#######..........###
## ####.......##..######.....#
.# ###.........## ##....# .##
##..........## ##..## # ..#
#.......##.## #..## #
.####.......#..# ##..# ##


You could see a very large slime creature and a friendly quasit.

Vanquished Creatures
  Erolcha (D:8)
  Urug (D:10)
  3 unseen horrors
  Pikel (D:4)
  A hill giant (D:10)
  A cyclops (D:12)
  2 ugly things
  A manticore (D:11)
  Joseph (D:8)
  Psyche (D:8)
  6 trolls
  Grinder (D:4)
  A deep elf mage (D:11)
  A wyvern (D:9)
  The ghost of guess the Ogre Mage, an amateur OgIE (D:4)
  11 yaks
  A steam dragon (D:12)
  2 sky beasts
  A necrophage (D:10)
  4 ogres
  7 orc warriors
  A wasp (D:10)
  3 ice beasts
  2 crocodiles
  3 centaurs
  A phantom (D:4)
  3 big kobolds
  9 giant frogs
  Blork the orc (D:4)
  A gnoll sergeant (D:5)
  A wyvern skeleton (D:12)
  4 scorpions
  21 killer bees
  6 crimson imps
  A centaur skeleton (D:9)
  A centaur zombie (D:5)
  3 orc priests
  A giant frog zombie (D:7)
  2 hounds
  Crazy Yiuf (D:2)
  A giant frog skeleton (D:5)
  A gnoll shaman (D:6)
  2 jellies
  8 orc wizards
  4 worker ants
  3 iguanas
  17 gnolls
  10 adders
  A shadow imp (D:6)
  An adder skeleton (D:4)
  3 worms (D:2)
  4 giant geckos
  26 orcs
  7 bats
  5 hobgoblins
  7 jackals
  5 quokkas
  2 ball pythons
  7 giant cockroaches
  7 giant newts
  8 goblins
  23 kobolds
  A quokka zombie (D:6)
  9 rats
276 creatures vanquished.

Vanquished Creatures (collateral kills)
  2 yaks
  3 ogres
  An ice beast (D:5)
  A giant frog (D:10)
  2 killer bees (D:11)
  An orc wizard (D:12)
  A gnoll (D:3)
  An adder (D:8)
  An orc (D:8)
  A giant cockroach (D:3)
  A kobold (D:12)
  A rat (D:3)
16 creatures vanquished.

Grand Total: 292 creatures vanquished

Notes
Turn   | Place    | Note
--------------------------------------------------------------
     0 | D:1      | vatarom the Demonspawn Gladiator began the quest for the Orb.
     0 | D:1      | Reached XP level 1. HP: 16/16 MP: 1/1
    54 | D:1      | Reached skill level 1 in Armour
   176 | D:1      | Gained mutation: You have sharp toenails. [demonic ancestry]
   176 | D:1      | Reached XP level 2. HP: 22/22 MP: 2/2
   810 | D:2      | Reached XP level 3. HP: 11/27 MP: 3/3
  1145 | D:2      | Reached skill level 3 in Armour
  1206 | D:2      | Gained mutation: A weak demonic guardian rushes to your aid. [demonic ancestry]
  1206 | D:2      | Reached XP level 4. HP: 30/33 MP: 4/4
  1310 | D:2      | Noticed Crazy Yiuf
  1316 | D:2      | Killed Crazy Yiuf
  1489 | D:2      | Found a deep blue altar of Sif Muna.
  1489 | D:2      | Found a burning altar of Makhleb.
  1638 | D:3      | Found a faded altar to an unknown god.
  1991 | D:3      | Gained mutation: You are partially covered in slimy green scales (AC +2). [demonic ancestry]
  1991 | D:3      | Reached XP level 5. HP: 37/40 MP: 5/5
  2593 | D:4      | Noticed Grinder
  2619 | D:4      | Killed Grinder
  2619 | D:4      | Reached XP level 6. HP: 46/48 MP: 6/6
  2797 | D:4      | Found a glowing golden altar of the Shining One.
  2916 | D:4      | Noticed Blork the orc
  2931 | D:4      | Killed Blork the orc
  2931 | D:4      | Reached skill level 4 in Fighting
  3174 | D:4      | Noticed guess's ghost (amateur OgIE)
  3183 | D:4      | Killed guess's ghost
  3183 | D:4      | Gained mutation: You have razor-sharp toenails. [demonic ancestry]
  3183 | D:4      | Reached XP level 7. HP: 38/54 MP: 7/7
  3251 | D:4      | Noticed a slave
  3253 | D:4      | Noticed Pikel
  3253 | D:4      | Noticed a slave
  3256 | D:4      | Noticed a slave
  3265 | D:4      | Noticed a slave
  3286 | D:4      | Killed Pikel
  3286 | D:4      | Reached skill level 5 in Shields
  3357 | D:4      | Gained mutation: You regenerate a little health from kills. [demonic ancestry]
  3357 | D:4      | Reached XP level 8. HP: 44/60 MP: 8/8
  3412 | D:5      | Entered Level 5 of the Dungeon
  3421 | D:5      | Found a staircase to the Ecumenical Temple.
  3448 | Temple   | Entered the Ecumenical Temple
  3479 | Temple   | Became a worshipper of Ru the Awakened
  3621 | D:5      | Reached skill level 6 in Shields
  3713 | D:5      | Reached skill level 5 in Maces & Flails
  3914 | D:5      | Found a shadowy altar of Dithmenos.
  4658 | D:6      | Gained mutation: You cannot read scrolls while threatened. [Ru sacrifice]
  4658 | D:6      | Acquired Ru's first power
  4994 | D:6      | Reached skill level 7 in Maces & Flails
  5069 | D:6      | Reached skill level 1 in Evocations
  5184 | D:6      | Gained mutation: You are robust (+10% HP). [potion of beneficial mutation]
  5224 | D:6      | Gained mutation: You have claws for feet. [demonic ancestry]
  5224 | D:6      | Reached XP level 9. HP: 67/71 MP: 8/10
  5459 | D:7      | Found Jusineakum's General Store.
  5601 | D:7      | Found a blossoming altar of Fedhas.
  5605 | D:7      | Found a stormy altar of Qazlal.
  5936 | D:7      | Gained mutation: You can breathe flames. [potion of mutation]
  5936 | D:7      | Gained mutation: Your muscles are strong. (Str +2) [potion of mutation]
  5936 | D:7      | Gained mutation: You passively map a small area around you. [potion of mutation]
  5988 | D:7      | Gained mutation: You cannot train Dodging skill. [Ru sacrifice]
  5988 | D:7      | Acquired Ru's second power
  6228 | D:8      | Reached skill level 5 in Armour
  6315 | D:8      | Found a bloodstained altar of Trog.
  6379 | D:8      | Found a staircase to the Lair.
  6387 | D:8      | Noticed Erolcha
  6397 | D:8      | Killed Erolcha
  6397 | D:8      | Reached skill level 5 in Evocations
  6457 | D:8      | Noticed Psyche
  6474 | D:8      | Killed Psyche
  6665 | D:8      | Gained mutation: You are very robust (+20% HP). [mutagenic meat]
  6666 | D:8      | Gained mutation: You have a pair of small antennae on your head. [mutagenic meat]
  6677 | D:8      | Found a radiant altar of Vehumet.
  6688 | D:8      | Reached XP level 10. HP: 81/85 MP: 14/14
  6707 | D:8      | Noticed Joseph
  6735 | D:8      | Killed Joseph
  6844 | D:9      | Got an ichor-stained mace
  6850 | D:9      | Identified the +4 mace "Giant's Peril" {elec, MR+} (You found it on level 9 of the Dungeon)
  6915 | D:9      | Lost mutation: You are very robust (+20% HP). [mutagenic meat]
  6916 | D:9      | Lost mutation: You are robust (+10% HP). [mutagenic meat]
  7103 | D:9      | Reached skill level 8 in Armour
  7201 | D:9      | Noticed a purple ugly thing
  7218 | D:9      | Killed a purple ugly thing
  7521 | D:9      | Found Vumiebe's Distillery.
  7525 | D:9      | Bought a potion of curing for 30 gold pieces
  7525 | D:9      | Bought a potion of curing for 30 gold pieces
  7525 | D:9      | Bought a potion of curing for 30 gold pieces
  7525 | D:9      | Bought a potion of might for 40 gold pieces
  7525 | D:9      | Bought a potion of curing for 30 gold pieces
  7525 | D:9      | Bought a potion of curing for 30 gold pieces
  7578 | D:9      | Found a shadowy altar of Dithmenos.
  7679 | D:10     | Entered Level 10 of the Dungeon
  7685 | D:10     | Killed an unseen horror
  7721 | D:10     | Reached skill level 9 in Armour
  7751 | D:10     | Gained mutation: You cannot be stealthy. [Ru sacrifice]
  7751 | D:10     | Acquired Ru's third power
  7788 | D:10     | Noticed Urug
  7809 | D:10     | Killed Urug
  7809 | D:10     | Gained mutation: Your flesh is heat resistant. [demonic ancestry]
  7809 | D:10     | Reached XP level 11. HP: 61/76 MP: 17/17
  7847 | D:10     | Noticed a hill giant
  7859 | D:10     | Killed a hill giant
  8938 | D:11     | Found a staircase to the Orcish Mines.
  9108 | D:12     | Killed an unseen horror
  9108 | D:12     | Reached skill level 10 in Evocations
  9174 | D:12     | Reached skill level 5 in Fighting
  9259 | D:12     | Reached skill level 10 in Armour
  9889 | D:12     | Gained mutation: You are slightly vulnerable to magic. [Ru sacrifice]
  9889 | D:12     | Acquired Ru's fourth power
 10011 | D:12     | Noticed an unseen horror
 10020 | D:12     | Killed an unseen horror
 10020 | D:12     | Reached skill level 11 in Armour
 10105 | D:12     | Mangled by a very large slime creature

Vault maps used:
D:1:      minmay_arrival_shoal_huts
D:2:      gammafunk_temple_overflow_wave, uniq_crazy_yiuf_cottage
D:3:      ecumenical_altar_2
D:4:      tso_metal_star, uniq_grinder, uniq_pikel, uniq_blork_the_orc
D:5:      grunt_dithmenos_smoke, minmay_temple_entry_trees, first_bread
D:7:      grunt_temple_overflow_forces_of_nature, serial_shops,
          nicolae_shop_waterfront
D:8:      nicolae_overflow_crystal_walls, old_standard_altar, dpeg_oklobed_lair,
          uniq_erolcha, uniq_psyche, uniq_joseph
D:9:      serial_shops, nicolae_shop_trees, basic_altar
D:10:     uniq_urug
D:11:     david_orc_4
D:12:     david_nohive_1
Temple:   circular_temple_12

Action                   |  1- 3 |  4- 6 |  7- 9 | 10-12 || total
-------------------------+-------+-------+-------+-------++-------
Melee: Flail             |   119 |   105 |   438 |    39 ||   701
       Mace              |       |       |       |   304 ||   304
       Dire flail        |       |       |       |   280 ||   280
Throw: Throwing net      |     4 |     7 |     3 |       ||    14
       Javelin           |       |       |       |     2 ||     2
Invok: Sacrifice Words   |       |       |     1 |       ||     1
       Sacrifice Nimblen |       |       |     1 |       ||     1
       Draw Out Power    |       |       |       |     2 ||     2
       Sacrifice Stealth |       |       |       |     1 ||     1
       Sacrifice Essence |       |       |       |     1 ||     1
 Abil: Breathe Fire      |       |       |     2 |     2 ||     4
       Evoke Berserk Rag |       |       |       |     1 ||     1
Evoke: Wand              |       |       |       |     1 ||     1
  Use: Scroll            |     7 |     3 |     3 |     6 ||    19
       Potion            |     3 |     7 |     5 |     9 ||    24
 Stab: Sleeping          |     2 |     1 |       |       ||     3
       Held in net/web   |     1 |     3 |     1 |       ||     5
       Invisible         |       |     1 |       |     6 ||     7
       Distracted        |       |     1 |       |     2 ||     3
  Eat: Bread ration      |     1 |     1 |     1 |     3 ||     6
       Meat ration       |       |       |     1 |       ||     1
       Beef jerky        |       |       |     1 |       ||     1
       Chunk             |       |       |     3 |     6 ||     9
